 Dungeon Crawl Stone Soup version 0.31-a0-38-g1548c4f2a5 (webtiles) character file.

Game seed: 15046821141315847162

1739 Dirtsage the Cleaver (level 8, -4/58 HPs)
             Began as a Demonspawn Berserker on May 10, 2023.
             Was a Priest of Trog.
             Slain by an ice beast (11 damage)
             ... on level 6 of the Dungeon on May 16, 2023.
             The game lasted 00:15:28 (5899 turns).

Dirtsage the Cleaver (Demonspawn Berserker)         Turns: 5899, Time: 00:15:28

Health: -4/58      AC:  8    Str: 19    XL:     8   Next: 77%
Magic:  8/8        EV: 11    Int:  9    God:    Trog [***...]
Gold:   298        SH:  0    Dex: 13    Spells: 7/7 levels left

rFire   + . .        a - +1 hand axe
rCold   . . .        (no shield)
rNeg    . . .        f - +0 ring mail
rPois   .            (helmet restricted)
rElec   .            (no cloak)
rCorr   .            (no gloves)
SInv    .            (no boots)
Will    +....        (no amulet) Stlth
                     F - ring of protection from fire
HPRegen 0.29/turn    y - ring of willpower
MPRegen 0.22/turn

%: no passive effects
@: confused, about to teleport, ambrosia-drunk, marked, on berserk cooldown,
mesmerised, slowed, very slow
A: antennae 2, icy blue scales 2, magic regeneration
a: Renounce Religion, Berserk, Trog's Hand


You were on level 6 of the Dungeon.
You worshipped Trog.
Trog was most pleased with you.
You visited 2 branches of the dungeon, and saw 9 of its levels.
You also visited: Sewer.

You collected 298 gold pieces.

Inventory:

Hand Weapons
 a - a +1 hand axe (weapon)
Missiles
 x - a curare-tipped dart (quivered)
Armour
 b - a +0 animal skin
 f - a +0 ring mail (worn)
Jewellery
 n - an amulet of magic regeneration
 y - a ring of willpower (right hand)
 F - a ring of protection from fire (left hand)
 N - a ring of positive energy
Wands
 o - a wand of iceblast (8)
 A - a wand of flame (15)
Scrolls
 d - a scroll of amnesia
 e - a scroll of fog {unknown}
 g - a scroll of magic mapping
 h - 3 scrolls of poison
 i - 2 scrolls of identify
 l - 3 scrolls of enchant armour
 p - a scroll of immolation
 w - a scroll of enchant weapon
 B - a scroll of fear {unknown}
Potions
 c - 3 potions of curing {unknown}
 m - 3 potions of flight {unknown}
 q - a potion of cancellation {unknown}
 r - a potion of mutation {unknown}
 s - a potion of magic {unknown}
 t - 3 potions of heal wounds {unknown}
 u - a potion of haste {unknown}
 v - 3 potions of attraction {unknown}
 z - a potion of lignification {unknown}


   Skills:
 - Level 3.0 Fighting
 + Level 10.7 Axes
 - Level 1.7 Armour
 - Level 1.7 Dodging


You had 7 spell levels left.
You didn't know any spells.
Your spell library contained the following spells:

 Spells                   Type           Power      Damage    Failure   Level
 Magic Dart               Conj           0%         1d3       56%         1
 Call Imp                 Summ           0%         N/A       71%         2
 Ensorcelled Hibernation  Hex/Ice        0%         N/A       71%         2
 Passwall                 Tmut/Erth      0%         N/A       71%         2
 Dazzling Flash           Conj/Hex       0%         N/A       91%         3
 Mephitic Cloud           Conj/Pois/Air  0%         N/A       91%         3
 Stone Arrow              Conj/Erth      0%         3d7       91%         3
 Swiftness                Air            0%         N/A       91%         3
 Volatile Blastmotes      Fire/Tloc      0%         2d10      91%         3
 Iskenderun's Mystic Bla  Conj/Tloc      0%         2d3       100%        4
 Leda's Liquefaction      Hex/Erth       0%         N/A       100%        4
 Lee's Rapid Deconstruct  Erth           0%         3d4*      100%        5
 Starburst                Conj/Fire      0%         6d3       100%        6


Dungeon Overview and Level Annotations

Branches:
Dungeon (8/15)             Temple (1/1) D:5           Sewer (visited)
   Lair: D:8-11

Altars:
Ashenzari
Fedhas
Hepliaklqana
Kikubaaqudgha
Makhleb
Okawaru
Sif Muna
Xom
Yredelemnul

Shops:
D:1 *   D:3 (

Annotations:
D:6 Maggie


Innate Abilities, Weirdness & Mutations

You have a pair of antennae on your head.
You are mostly covered in icy blue scales. (AC +3)
You regenerate magic rapidly.


Message History

As you read the scroll labelled LIONKY IJIR, it crumbles to dust.
It is a scroll of amnesia.
You feel forgetful for a moment. Maggie misses you.
An ice beast comes into view.
The orc hits you but does no damage. The orc misses you.
Maggie hits you from afar with a +0 glaive.
You take 2 damage, and have 23/58 hp.
As you read the scroll labelled VIZIYDITOS, it crumbles to dust.
You feel aware of your surroundings.
You sensed 1 altar.
It was a scroll of magic mapping.
The orc barely misses you. Maggie closely misses you.
Okay, then.
As you read the scroll labelled NITIAGR QOROMI, it crumbles to dust.
You feel strangely unstable.
It was a scroll of teleportation.
Maggie hits you from afar with a +0 glaive!
* * * LOW HITPOINT WARNING * * *
The jelly closely misses you. The orc misses you.
The orc hits you but does no damage. The jelly closely misses you.
Maggie closely misses you.
A white imp comes into view.
You take 12 damage, and have 11/58 hp.
MASSIVE DAMAGE!!
You cannot move away from Maggie!
Okay, then.
You are confused.
You feel invigorated. The jelly hits you but does no damage.
The orc hits you but does no damage. Maggie closely misses you.
The ice beast barely misses you. The white imp gestures at you.
The puff of frost hits you!
* * * LOW HITPOINT WARNING * * *
You take 2 damage, and have 9/58 hp.
Maggie hits you from afar with a +0 glaive!
* * * LOW HITPOINT WARNING * * *
The ice beast hits you but does no damage.
The orc misses you. The jelly hits you but does no damage.
The orc hits you but does no damage. The jelly hits you but does no damage.
The ice beast hits you.
* * * LOW HITPOINT WARNING * * *
The ice beast freezes you!
You die...

*,,,,,,,** **,,,,,,,,,**,,,,,,,,
,,****,,,* #*,,,***,{,,,,,,,****,
*** *,*,###.,,,* *#######*,,,,,,
,** *,*,....#*,*###....>#,,***,,
,,****,**...5.####..§§.###*,* *,,
,,,,,,,**#.....#.†..§### *,***,*
,,****** *#......†[###,* *,,,,,*
,,,* ###....Y### *{* **,,,**
**,*** **#......@.#***,*****,,,**
*,,,***,....#..oJ.#*,,,,,,,,,,,,
**,***,,,..#*##..@..#*,,,,,,,,,,*
,,,*<,,,,#**,,##.....#,,,,,**,*,*
,**********,,,,..###...,,,,,,,*,*
** *,,,,,*,*,,.##*,....,,,****,*
*,***,*,,,,.,,,,*...,,,* *,* *,*
*,****..,**,,,..,,,****<* *****,*
*,******,***,,,,,,,,,,,,*


You could see Maggie (mesmerising, inner flame), an ice beast, a jelly, a white
imp and an orc (inner flame).

Vanquished Creatures
  Pikel (D:5)
  Sigmund (D:5)
  A steam dragon (D:6)
  An ice beast (D:5)
  A centaur (D:5)
  2 kobold brigands (Sewer)
  A bullfrog (D:7)
  A scorpion (D:6)
  A howler monkey (D:6)
  2 hounds
  3 iguanas
  2 orc wizards (D:5)
  A river rat (Sewer)
  16 adders
  8 worms
  2 dart slugs
  9 orcs
  9 ball pythons
  7 bats
  9 endoplasms
  3 giant cockroaches
  5 goblins
  6 hobgoblins
  4 jackals (D:2)
  4 quokkas
  3 frilled lizards
  10 kobolds
  9 rats
122 creatures vanquished.

Notes
Turn   | Place    | Note
-------+----------+-------------------------------------------
     0 | D:1      | Dirtsage the Demonspawn Berserker began the quest for the
                  | Orb.
     0 | D:1      | Reached XP level 1. HP: 18/18 MP: 1/1
   117 | D:1      | Found Koskoaps's Assorted Antiques.
   146 | D:1      | Reached skill level 3 in Axes
   214 | D:1      | Gained mutation: You have a pair of small antennae on your
                  | head. [demonic ancestry]
   214 | D:1      | Reached XP level 2. HP: 22/24 MP: 2/2
   352 | D:1      | Found a faded altar of an unknown god.
   791 | D:2      | Reached skill level 4 in Axes
   791 | D:2      | Reached XP level 3. HP: 11/29 MP: 3/3
  1098 | D:2      | Reached ** piety under Trog
  1304 | D:2      | Upgraded the game from 0.31-a0-18-gea43df2a32 to
                  | 0.31-a0-38-g1548c4f2a5
  1325 | D:2      | Gained mutation: You are partially covered in icy blue
                  | scales. (AC +2) [demonic ancestry]
  1325 | D:2      | Reached XP level 4. HP: 33/35 MP: 4/4
  1783 | D:3      | Found Pikkem's Weapon Shoppe.
  1957 | D:3      | Reached skill level 5 in Axes
  2132 | D:4      | Gained mutation: You are mostly covered in icy blue scales.
                  | (AC +3) [demonic ancestry]
  2132 | D:4      | Reached XP level 5. HP: 41/41 MP: 5/5
  2565 | D:4      | Reached skill level 6 in Axes
  2632 | D:4      | Found a glowing drain.
  2637 | Sewer    | Entered a sewer
  2675 | Sewer    | Reached XP level 6. HP: 13/47 MP: 6/6
  2843 | Sewer    | Reached *** piety under Trog
  3453 | Sewer    | Reached skill level 7 in Axes
  3786 | D:4      | Found an iron altar of Okawaru.
  4222 | D:5      | Entered Level 5 of the Dungeon
  4240 | D:5      | Got Omarorro's Secrets of Terrain
  4272 | D:5      | Noticed an ice beast
  4283 | D:5      | Killed an ice beast
  4284 | D:5      | Gained mutation: You regenerate magic rapidly. [demonic
                  | ancestry]
  4284 | D:5      | Reached XP level 7. HP: 52/52 MP: 7/7
  4645 | D:5      | Noticed Pikel
  4661 | D:5      | Killed Pikel
  4662 | D:5      | Reached skill level 9 in Axes
  4662 | D:5      | Gained mutation: You have a pair of antennae on your head.
                  | [demonic ancestry]
  4662 | D:5      | Reached XP level 8. HP: 46/58 MP: 8/8
  5038 | D:5      | Found a staircase to the Ecumenical Temple.
  5103 | Temple   | Entered the Ecumenical Temple
  5490 | D:5      | Noticed Sigmund
  5502 | D:5      | Killed Sigmund
  5503 | D:5      | Reached skill level 10 in Axes
  5781 | D:5      | You fall into a shaft and drop 3 floors!
  5889 | D:6      | Noticed Maggie
  5899 | D:6      | Slain by an ice beast

Illustrated notes

Levels and vault maps discovered:
D:1:      evilmike_arrival_rings, layout_basic, serial_shops, shop_fountains,
          shapermc_ecumenical_altar_gd, minmay_unequal
D:2:      layout_loops_ring, kennysheep_generic_room_10
D:3:      layout_basic, serial_shops, shop_statue, minmay_misc_feat_nine_boxes
D:4:      layout_loops_corners, okawaru_gym_becter, lightli_sewer_entry_pipes
D:5:      layout_basic, minmay_temple_entry_glassed_door, uniq_pikel,
          uniq_sigmund
D:6:      layout_loops_ring, grunt_dithmenos_smoke, st_stairs_10,
          minmay_crossroads, uniq_edmund, uniq_blork_the_orc, uniq_maggie
D:7:      layout_basic, chequers_temple_overflow_minitemple
D:8:      layout_rooms, mainiacjoe_overflow_catwalk,
          nicolae_uskayaw_dance_studio, jiyva_altar_1
Temple:   nicolae_temple_colour_theory

Skill      XL: |  1  2  3  4  5  6  7  8 |
---------------+-------------------------+-----
Axes           | 3 4 5 6 7 9 10 | 10.7
Fighting       | |  3.0
Armour         | |  1.7
Dodging        | |  1.7

Action                     |  1- 3 |  4- 6 |  7- 9 || total
---------------------------+-------+-------+-------++-------
  Melee: Hand axe          |   111 |   360 |   125 ||   596
         Punch             |     1 |     2 |     4 ||     7
 Invoke: Berserk           |     1 |     7 |     4 ||    12
         Trog's Hand       |       |     1 |       ||     1
    Use: Potion            |       |     1 |     1 ||     2
         Scroll            |       |       |     7 ||     7
 Armour: Animal skin       |     7 |       |       ||     7
         Ring mail         |    35 |   131 |    47 ||   213
  Dodge: Dodged            |    89 |   162 |    78 ||   329

Table legend: (Time is in decaauts)
 A = Elapsed time spent in this place.
 B = Non-inter-level travel time spent in this place.
 C = Inter-level travel time spent in this place.
 D = Time resting spent in this place.
 E = Time spent auto-exploring this place.
 F = Levels seen in this place.
 G = Mean time per level.
                   A        B        C        D        E       F      G
               +--------+--------+--------+--------+--------+-----+--------+
         Total |   6124 |   5924 |    200 |   1165 |   3449 |  10 |  612.4 |
       Dungeon |   5011 |   4816 |    195 |    623 |   3111 |   8 |  626.4 |
        Temple |     74 |     69 |      5 |      0 |     64 |   1 |   74.0 |
         Sewer |   1038 |   1038 |      0 |    542 |    273 |   1 | 1038.0 |
               +--------+--------+--------+--------+--------+-----+--------+

Top non-repeatable levels by time:
     D:5: 1504 daAuts
     D:4: 1282 daAuts
   Sewer: 1038 daAuts
     D:2: 952 daAuts
     D:1: 784 daAuts
     D:3: 375 daAuts
     D:7: 75 daAuts
  Temple: 74 daAuts
     D:6: 28 daAuts
     D:8: 8 daAuts
